Map: Port Aleksander LE

Players

IIIIIIIII

  • Race: Zerg Zerg
  • Spawn Location: 5:00

Lambo - Winner!

  • Race: Zerg Zerg
  • League: Grandmaster
  • Spawn Location: 11:00

VOD

Have the link to the VOD?

Description

Time

  • Played on: Jan. 12, 2019, 3:41 p.m.
  • Length: 6:58
Show
View Real Time Build Order
Export as new Build Order

IIIIIIIII Zerg 

Build Orders: Hatch First 

Get SALT Encoding   

  12  0:01  Drone  
  13  0:12  Overlord  
  13  0:18  Drone  
  14  0:31  Drone x2  
  14  0:35  Drone  
  17  0:53  Hatchery  
  17  0:56  Drone  
  17  1:00  Drone  
  18  1:07  Extractor  
  17  1:15  Spawning Pool  
  17  1:18  Drone  
  17  1:21  Drone  
  18  1:28  Drone  
  19  1:39  Drone  
  20  1:49  Overlord  
  20  2:02  Queen  
  20  2:05  Queen  
  20  2:06  Drone x2  
  26  2:13  Drone  
  26  2:14  Metabolic Boost  
  26  2:15  Drone  
  28  2:23  Drone  
  28  2:26  Drone  
  30  2:33  Drone  
  30  2:36  Evolution Chamber  
  30  2:45  Hatchery  
  30  2:48  Drone  
  30  2:51  Drone  
  30  2:52  Drone  
  30  2:58  Drone  
  33  2:59  Overlord  
  33  3:04  Zerg Melee Weapons Level 1  
  33  3:09  Zergling x4  
  33  3:12  Zergling x2  
  36  3:17  Queen  
  38  3:22  Drone  
  38  3:26  Zergling x4  
  41  3:27  Drone  
  41  3:29  Zergling x4  
  44  3:43  Overlord  
  44  3:50  Overlord  
  44  3:56  Overlord  
  44  3:57  Drone x4  
  44  4:02  Baneling Nest  
  45  4:17  Zergling x2  
  45  4:18  Queen x2, Zergling x12  
  56  4:25  Zergling x8  
  59  4:36  Zergling x10  
  64  4:45  Zergling x6  
  49  4:53  Zergling x2  
  49  4:54  Zergling x4  
  44  5:00  Zergling x2  
  44  5:01  Zergling x12  
  44  5:05  Baneling x2  
  50  5:07  Baneling x2  
  50  5:08  Zergling x2  
  50  5:09  Zergling x2  
  50  5:11  Baneling  
  50  5:12  Baneling x2  
  41  5:32  Zergling x12  
  37  5:38  Zergling x4  
Show
View Real Time Build Order
Export as new Build Order

Lambo Zerg - Winner!

Build Orders: Hatch First, Zergling Baneling 

Get SALT Encoding   

  12  0:01  Drone  
  13  0:13  Overlord  
  13  0:19  Drone  
  14  0:32  Drone x2  
  16  0:50  Hatchery  
  16  0:53  Drone  
  16  0:56  Drone  
  17  1:00  Drone  
  18  1:11  Extractor  
  18  1:16  Spawning Pool  
  16  1:21  Drone  
  16  1:23  Drone  
  18  1:30  Drone  
  19  1:39  Drone  
  20  1:50  Drone  
  21  2:02  Drone  
  21  2:03  Queen x2, Overlord  
  26  2:12  Metabolic Boost  
  26  2:14  Drone  
  26  2:15  Drone  
  28  2:23  Zergling x2  
  28  2:24  Drone  
  30  2:37  Hatchery  
  30  2:40  Zergling x2  
  30  2:42  Drone  
  31  2:47  Drone  
  32  2:53  Overlord  
  32  2:54  Baneling Nest  
  32  2:58  Drone  
  32  3:02  Drone  
  33  3:06  Drone  
  33  3:09  Drone  
  36  3:12  Drone  
  36  3:13  Drone x2  
  36  3:14  Zergling x4  
  36  3:18  Zergling x2  
  41  3:29  Drone  
  41  3:30  Drone  
  41  3:32  Overlord  
  43  3:37  Queen, Evolution Chamber  
  43  3:42  Baneling x2  
  43  3:50  Zergling x12  
  43  3:55  Baneling x4  
  49  4:00  Zergling x8  
  53  4:06  Drone x2  
  53  4:07  Drone  
  56  4:12  Drone  
  56  4:17  Drone  
  56  4:18  Overlord  
  56  4:20  Extractor  
  56  4:21  Extractor  
  55  4:31  Zergling x2  
  55  4:32  Zergling x4  
  55  4:36  Roach Warren  
  53  4:38  Zergling x14  
  53  4:44  Zergling x4  
  59  4:50  Baneling x2  
  56  4:53  Zergling x12  
  60  5:00  Zergling x4  
  60  5:03  Zerg Missile Weapons Level 1  
  60  5:06  Zergling x8  
  62  5:11  Baneling, Drone x2  
  64  5:18  Baneling x2  
  63  5:21  Drone  
  63  5:22  Drone  
  63  5:25  Drone x2  
  63  5:28  Baneling  
  61  5:31  Zergling x2  
  57  5:37  Drone x7  
  57  5:39  Queen  
Tags
 
Add a new tag
Caveats
  • Supply blocks, unpowered buildings, or Contaminate may cause inaccurate times.
  • Supply counts are checked every 10 seconds.